 Dungeon Crawl Stone Soup version 0.29-a0-197-ge3fb4bd5a4 (webtiles) character file.

Game seed: 8013492622871559723

2527 remssi the Cleaver (level 9, -5/118 HPs)
             Began as a Minotaur Fighter on Feb 22, 2022.
             Was a Priest of Trog.
             Slain by a 12-headed hydra (13 damage)
             ... on level 7 of the Dungeon.
             The game lasted 00:38:33 (7171 turns).

remssi the Cleaver (Minotaur Fighter)               Turns: 7171, Time: 00:38:36

Health: -5/118     AC: 14    Str: 26    XL:     9   Next: 29%
Magic:  8/8        EV: 10    Int:  5    God:    Trog [***...]
Gold:   352        SH:  5    Dex:  9    Spells: 8/8 levels left

rFire   + + .      SeeInvis .   m - +8 mithril axe "Arga" {speed, Will+}
rCold   x . .      Faith    .   c - +0 buckler
rNeg    . . .      Spirit   .   f - +0 fire dragon scales
rPois   .          Reflect  .   (helmet restricted)
rElec   .          Harm     .   l - +0 cloak
rCorr   .          Rampage  .   e - +0 pair of gloves
Will    +....                   r - +0 pair of boots
Stlth   ..........              (no amulet)
HPRegen 0.29/turn               (no ring)
MPRegen 0.11/turn               (no ring)

@: berserking, very quick
A: horns 2, retaliatory headbutt
a: Renounce Religion, Berserk, Trog's Hand


You were on level 7 of the Dungeon.
You worshipped Trog.
Trog was most pleased with you.
You visited 2 branches of the dungeon, and saw 8 of its levels.

You collected 352 gold pieces.

Inventory:

Hand Weapons
 a - a +0 war axe
 m - the +8 mithril axe "Arga" (weapon) {speed, Will+}
   (You acquired it on level 3 of the Dungeon)

   Attacks with this weapon are significantly faster.
   Will:      It increases your willpower.
Missiles
 g - 262 stones (quivered)
 t - a throwing net
Armour
 b - a +2 scale mail
 c - a +0 buckler (worn)
 e - a +0 pair of gloves (worn)
 f - +0 fire dragon scales (worn)
 j - a +0 helmet
 l - a +0 cloak (worn)
 r - a +0 pair of boots (worn)
Wands
 k - a wand of polymorph (6)
 q - a wand of iceblast (7)
Scrolls
 i - 5 scrolls of identify
 n - a scroll of teleportation
 p - a scroll of summoning
 v - a scroll of holy word {unknown}
 w - a scroll of amnesia {unknown}
Potions
 d - a potion of might
 h - 5 potions of curing
 s - a potion of mutation {unknown}
 u - a potion of resistance


   Skills:
 * Level 7.2 Fighting
 * Level 10.6 Axes
 * Level 7.9 Armour
 + Level 1.7 Dodging
 + Level 0.7 Stealth
 * Level 6.2 Shields


You had 8 spell levels left.
You didn't know any spells.
Your spell library contained the following spells:

 Spells                   Type           Power      Damage    Failure   Level
 Conjure Flame            Conj/Fire      0%         6-21      99%         3
 Ignite Poison            Fire/Tmut/Pois 0%         N/A       99%         3
 Portal Projectile        Hex/Tloc       0%         N/A       99%         3
 Sticky Flame             Conj/Fire      0%         2d3       100%        4
 Summon Lightning Spire   Summ/Air       0%         N/A       100%        4
 Blade Hands              Tmut           0%         N/A       100%        5
 Excruciating Wounds      Necr           0%         N/A       100%        5
 Storm Form               Tmut/Air       0%         N/A       100%        7
 Maxwell's Capacitive Co  Air            0%         ∞         100%        8


Dungeon Overview and Level Annotations

Branches:
Dungeon (7/15)             Temple (1/1) D:7

Altars:
Cheibriados
Dithmenos
Elyvilon
Fedhas
Gozag
Hepliaklqana
Kikubaaqudgha
Makhleb
Nemelex Xobeh
Okawaru
Qazlal
Ru
Sif Muna
Trog
Uskayaw
Vehumet
Wu Jian
Xom
Yredelemnul
Zin
The Shining One

Shops:
D:1 *   D:6 [


Innate Abilities, Weirdness & Mutations

You have a pair of horns on your head.
You reflexively headbutt those who attack you in melee.


Message History

The eight-headed hydra bites you!
The eight-headed hydra barely misses you. x2
The eight-headed hydra closely misses you.
The eight-headed hydra bites you but does no damage.
You chop one of the eight-headed hydra's heads off!
The seven-headed hydra grows two more!
You slice the nine-headed hydra!!
The nine-headed hydra is severely wounded.
You slash the necrophage!
The necrophage hits you but does no damage.
You slice one of the nine-headed hydra's heads off!
The eight-headed hydra grows two more!
You slice the ten-headed hydra!!
Your headbutt misses the ten-headed hydra.
The ten-headed hydra is almost dead.
You closely miss the necrophage.
The ten-headed hydra bites you but does no damage. x2
The ten-headed hydra bites you!
* * * LOW HITPOINT WARNING * * *
The ten-headed hydra misses you. The ten-headed hydra bites you!
* * * LOW HITPOINT WARNING * * *
The ten-headed hydra closely misses you.
The ten-headed hydra bites you but does no damage. x3
The ten-headed hydra closely misses you.
You chop one of the ten-headed hydra's heads off!
The nine-headed hydra grows two more!
You slice the 11-headed hydra!!
The 11-headed hydra is almost dead.
You barely miss the necrophage. You block the necrophage's attack.
You slice one of the 11-headed hydra's heads off!
The ten-headed hydra grows two more!
You slash the 12-headed hydra!
The 12-headed hydra is almost dead.
You closely miss the necrophage.
The 12-headed hydra bites you but does no damage. x4
The 12-headed hydra barely misses you. The 12-headed hydra bites you.
* * * LOW HITPOINT WARNING * * *
The 12-headed hydra bites you!
* * * LOW HITPOINT WARNING * * *
The 12-headed hydra bites you.
* * * LOW HITPOINT WARNING * * *
The 12-headed hydra completely misses you.
The 12-headed hydra bites you!
You die...

#.#####.###### #.....#<# ..#
#.....# # #... ######.....#
#.#.... ..###....#.....###
#.#...##. ...........#...### .
#.......#####....#...###...# .#
#...>.#....##....#...#####.#
..###.#.......SD@..............#
....#.....##)..n#....#...#######
......#......####....#...#
...........### #....#####
........#### #....# ......!.#
#....# ........# ######
####....# ######


You could see a 12-headed hydra, a water moccasin and a necrophage.

Vanquished Creatures
  An unseen horror (D:7)
  Grinder (D:4)
  Eustachio (D:5)
  An acid dragon (D:6)
  A water moccasin (D:7)
  An orc warrior (D:7)
  A sky beast (D:5)
  A black bear (D:6)
  A necrophage (D:6)
  An ogre (D:7)
  A phantom (D:6)
  3 bullfrogs
  A wyvern zombie (D:7)
  A water moccasin skeleton (D:7)
  3 howler monkeys (D:7)
  A crimson imp (D:5)
  2 jellies (D:5)
  A bullfrog zombie (D:6)
  5 hounds
  2 orc priests
  2 centaur skeletons
  2 gnoll shamans
  Ijyb (D:4)
  Terence (D:3)
  An iguana (D:4)
  4 orc wizards
  10 gnolls
  An adder (D:3)
  2 white imps
  2 ufetubi (D:5)
  3 worms
  17 orcs
  4 bats (D:2)
  11 endoplasms
  3 giant cockroaches
  3 hobgoblins
  2 quokkas
  8 ball pythons
  4 frilled lizards
  2 goblins
  6 kobolds
  5 rats
124 creatures vanquished.

Notes
Turn   | Place    | Note
-------+----------+-------------------------------------------
     0 | D:1      | remssi the Minotaur Fighter began the quest for the Orb.
     0 | D:1      | Reached XP level 1. HP: 19/19 MP: 0/0
   239 | D:1      | Found a faded altar of an unknown god.
   248 | D:1      | Prayed at the altar of an unknown god.
   248 | D:1      | Became a worshipper of Trog the Wrathful
   248 | D:1      | Reached * piety under Trog
   295 | D:1      | Found Jitiajui's Assorted Antiques.
   533 | D:1      | Reached XP level 2. HP: 26/27 MP: 1/1
  1626 | D:2      | Reached XP level 3. HP: 27/33 MP: 2/2
  1698 | D:2      | Reached ** piety under Trog
  1954 | D:2      | Reached skill level 3 in Axes
  2073 | D:2      | You fall into a shaft and drop 1 floor!
  2076 | D:3      | Noticed Terence
  2080 | D:3      | Killed Terence
  2124 | D:4      | Reached XP level 4. HP: 40/40 MP: 3/3
  2258 | D:4      | Reached skill level 4 in Axes
  2268 | D:4      | Reached XP level 5. HP: 31/47 MP: 4/4
  2435 | D:4      | Reached skill level 5 in Armour
  2874 | D:4      | Noticed Grinder
  2877 | D:4      | Paralysed by Grinder for 3 turns
  2893 | D:4      | Killed Grinder
  2894 | D:4      | Reached skill level 5 in Axes
  2894 | D:4      | Reached skill level 1 in Dodging
  2894 | D:4      | Reached XP level 6. HP: 27/55 MP: 5/5
  3061 | D:4      | Noticed Ijyb
  3123 | D:4      | Reached skill level 5 in Fighting
  3237 | D:4      | Killed Ijyb
  3608 | D:3      | Reached XP level 7. HP: 61/61 MP: 6/6
  3687 | D:3      | Identified a scroll of acquirement
  3687 | D:3      | Acquired the +8 mithril axe "Arga" {speed, Will+}
  3687 | D:3      | Found the +8 mithril axe "Arga" {speed, Will+}
  3758 | D:3      | Reached skill level 6 in Axes
  4419 | D:5      | Entered Level 5 of the Dungeon
  4446 | D:5      | Noticed Eustachio
  4496 | D:5      | Reached *** piety under Trog
  4547 | D:5      | Killed Eustachio
  4548 | D:5      | Reached skill level 7 in Axes
  4548 | D:5      | Reached skill level 5 in Shields
  4781 | D:5      | Found a shadowy altar of Dithmenos.
  4822 | D:5      | Reached XP level 8. HP: 60/70 MP: 7/7
  5255 | D:6      | Reached skill level 8 in Axes
  5385 | D:6      | Identified the +3 leather armour "Zajef" {Harm *Corrode
                  | +Blink Int+8}
  5707 | D:6      | Reached skill level 9 in Axes
  5984 | D:6      | Found Deezoent's Antique Armour Shop.
  6488 | D:7      | Found a staircase to the Ecumenical Temple.
  6510 | D:7      | Reached skill level 10 in Axes
  6510 | D:7      | Reached XP level 9. HP: 72/78 MP: 8/8
  6528 | D:7      | Killed an unseen horror
  6650 | Temple   | Entered the Ecumenical Temple
  7151 | D:7      | Noticed a six-headed hydra
  7171 | D:7      | Slain by a 12-headed hydra

Illustrated notes

Levels and vault maps discovered:
D:1:      kilobyte_arrival_exit_the_forest, layout_basic,
          basic_ecumenical_altar, serial_shops, nicolae_shop_stone
D:2:      minmay_diamond_boxcup, layout_loops_corners, dk_vineyard_2
D:3:      layout_rooms, portal_sewer_entry_d, interstate_on_off,
          minmay_liquid_box, minivault_11, uniq_terence
D:4:      layout_loops_ring, uniq_grinder, uniq_ijyb
D:5:      layout_loops_ring, old_standard_altar, minmay_fire_ice_demons,
          uniq_eustachio
D:6:      layout_basic, nicolae_stop_n_shop_2, grunt_ministairs_6,
          minmay_misc_feat_secret_circle, minmay_between
D:7:      gammafunk_beogh_shrine, layout_rooms,
          minmay_temple_entry_statues_fountains
Temple:   mainiacjoe_temple_big_plus

Skill      XL: |  1  2  3  4  5  6  7  8  9 |
---------------+----------------------------+-----
Fighting       | 4 5 6 7 |  7.2
Shields        | 4 5 6 |  6.2
Armour         | 4 5 6 7 |  7.9
Axes           | 3 4 5 7 10 | 10.6
Dodging        | 1 |  1.7
Stealth        | |  0.7

Action                   |  1- 3 |  4- 6 |  7- 9 || total
-------------------------+-------+-------+-------++-------
Melee: War axe           |    73 |    87 |     8 ||   168
       Headbutt          |    10 |    10 |    31 ||    51
       Unarmed           |       |     5 |       ||     5
       Broad axe         |       |       |   157 ||   157
Invok: Berserk           |       |       |     2 ||     2
  Use: Scroll            |     7 |     2 |     2 ||    11
       Potion            |     2 |     3 |     6 ||    11
Armor: Scale mail        |    33 |    35 |       ||    68
       Fire dragon scale |       |    11 |    94 ||   105
       Skin              |       |    13 |       ||    13
Dodge: Dodged            |    27 |    45 |    52 ||   124
Block: Buckler           |    16 |    18 |    19 ||    53

Table legend: (Time is in decaauts)
 A = Elapsed time spent in this place.
 B = Non-inter-level travel time spent in this place.
 C = Inter-level travel time spent in this place.
 D = Time resting spent in this place.
 E = Time spent auto-exploring this place.
 F = Levels seen in this place.
 G = Mean time per level.
                   A        B        C        D        E       F      G
               +--------+--------+--------+--------+--------+-----+--------+
         Total |   7179 |   7179 |      0 |   1428 |   3640 |   8 |  897.4 |
       Dungeon |   6750 |   6750 |      0 |   1428 |   3275 |   7 |  964.3 |
        Temple |    429 |    429 |      0 |      0 |    365 |   1 |  429.0 |
               +--------+--------+--------+--------+--------+-----+--------+

Top non-repeatable levels by time:
     D:4: 1498 daAuts
     D:6: 1228 daAuts
     D:2: 1197 daAuts
     D:1: 1121 daAuts
     D:5: 824 daAuts
     D:3: 625 daAuts
  Temple: 429 daAuts
     D:7: 254 daAuts
